Map: Crête de Lerilak

Players

seolhyun - Winner!

  • Race: Zerg Zerg
  • League: Diamond

Worming

  • Race: Zerg Zerg
  • League: Diamond

VOD

Have the link to the VOD?

Description

Time

  • Played on: Nov. 29, 2015, 4:45 a.m.
  • Length: 10:32
Show
View Real Time Build Order
Export as new Build Order

seolhyun Zerg - Winner!

Build Orders: Hatch First 

Get SALT Encoding   

  12  0:01  Drone  
  13  0:12  Overlord  
  13  0:18  Drone  
  14  0:31  Drone x2  
  17  0:35  Drone  
  17  0:53  Hatchery  
  17  0:56  Drone  
  17  1:05  Extractor  
  17  1:11  Spawning Pool  
  15  1:14  Drone  
  15  1:17  Drone  
  17  1:21  Drone  
  18  1:29  Drone  
  19  1:38  Overlord  
  19  1:57  Queen  
  19  1:59  Zergling x2  
  22  2:05  Queen  
  22  2:06  Drone x2  
  26  2:10  Metabolic Boost  
  26  2:13  Drone  
  27  2:21  Drone  
  27  2:22  Drone  
  29  2:28  Baneling Nest  
  29  2:30  Drone  
  29  2:38  Drone x2, Extractor  
  31  2:55  Drone x3  
  34  3:03  Overlord  
  34  3:07  Overlord  
  34  3:24  Zergling x2  
  34  3:25  Zergling x14  
  42  3:29  Zergling x2  
  42  3:35  Zergling x2  
  43  3:41  Zergling x2  
  43  3:43  Spine Crawler  
  43  3:45  Baneling x6  
  43  3:46  Overlord  
  33  4:13  Zergling x6  
  33  4:14  Zergling x2  
  37  4:18  Drone  
  37  4:23  Lair  
  38  4:25  Drone x4  
  42  4:35  Drone x2  
  43  4:39  Extractor  
  43  4:43  Drone x2  
  43  4:44  Drone x2  
  43  4:45  Hatchery  
  45  4:46  Baneling, Extractor  
  45  4:49  Drone  
  45  4:52  Drone x3  
  48  4:57  Drone  
  49  5:03  Drone  
  49  5:06  Overlord, Extractor  
  49  5:12  Zergling x6  
  52  5:17  Baneling  
  52  5:22  Drone, Spire  
  52  5:23  Overlord x3  
  52  5:31  Zergling x6  
  54  5:40  Drone x3  
  54  5:41  Drone  
  58  5:46  Zergling x2  
  58  6:06  Queen  
  54  6:14  Drone x3  
  54  6:15  Drone x4  
  54  6:18  Drone x4  
  65  6:31  Overlord  
  66  6:32  Drone  
  66  6:33  Drone x2  
  66  6:36  Extractor x2  
  66  6:39  Zerg Flyer Armor Level 1, Mutalisk x2  
  65  6:40  Mutalisk x2  
  73  6:47  Mutalisk  
  73  6:48  Mutalisk  
  73  6:52  Drone x4  
  81  6:56  Zergling x4  
  83  7:08  Mutalisk x4  
  88  7:17  Zergling x8  
  88  7:18  Zergling x4  
  94  7:23  Drone x4  
  98  7:31  Overlord x2  
  98  7:41  Mutalisk  
  94  7:58  Zergling x8  
  90  7:59  Zergling x12  
  90  8:00  Zergling x10  
  90  8:05  Mutalisk x2  
  101  8:15  Overlord x2  
  101  8:16  Mutalisk  
  103  8:22  Mutalisk  
  103  8:25  Baneling x4  
  103  8:26  Mutalisk x2  
  109  8:33  Drone, Zerg Flyer Weapons Level 1  
  110  8:37  Mutalisk x2  
  114  8:41  Zergling x6  
  114  8:42  Zergling x6  
  114  8:47  Mutalisk x4  
  128  8:52  Overlord  
  128  9:03  Baneling x5  
  128  9:04  Baneling x6  
  128  9:05  Baneling  
  122  9:17  Mutalisk  
  122  9:18  Mutalisk  
  108  9:42  Zergling x6  
  108  9:43  Zergling x14  
  108  9:44  Zergling x12  
  108  9:45  Zergling x4  
  112  9:52  Zergling x4  
  105  9:57  Mutalisk x4  
  111  10:05  Mutalisk  
  111  10:06  Mutalisk x2  
Show
View Real Time Build Order
Export as new Build Order

Worming Zerg 

Build Orders: Hatch First 

Get SALT Encoding   

  12  0:01  Drone  
  13  0:09  Drone  
  14  0:18  Extractor  
  14  0:19  Drone, Extractor  
  13  0:21  Drone  
  16  0:44  Hatchery  
  15  0:52  Extractor  
  14  1:01  Spawning Pool  
  13  1:05  Overlord  
  13  1:10  Drone  
  14  1:28  Drone x3  
  17  1:39  Drone  
  18  1:48  Queen  
  18  1:51  Zergling x2  
  21  1:55  Metabolic Boost  
  22  2:01  Drone  
  22  2:04  Drone  
  23  2:10  Overlord  
  23  2:20  Queen  
  25  2:30  Baneling Nest  
  25  2:36  Drone x3  
  26  2:46  Drone x3  
  29  2:55  Overlord  
  29  2:56  Drone  
  30  3:00  Zergling x4  
  30  3:03  Zergling x2  
  33  3:07  Overlord  
  33  3:15  Zergling x4  
  35  3:25  Drone x3  
  38  3:31  Zergling x4  
  38  3:32  Zergling x2  
  41  3:34  Baneling x4  
  41  3:35  Baneling x3  
  41  3:38  Zergling x2  
  41  3:39  Drone  
  35  4:11  Zergling x18  
  35  4:16  Spine Crawler  
  35  4:17  Roach Warren  
  41  4:19  Queen  
  41  4:20  Lair  
  41  4:24  Zergling x2  
  44  4:40  Drone x5  
  44  4:42  Drone x3  
  44  4:44  Extractor  
  50  4:46  Extractor  
  50  4:49  Drone x2  
  51  5:05  Overlord x3  
  51  5:18  Glial Reconstitution  
  51  5:20  Overlord  
  51  5:33  Drone x7  
  56  5:49  Baneling x2  
  51  6:01  Hydralisk Den  
  50  6:11  Hatchery  
  48  6:13  Roach x11  
  48  6:18  Spore Crawler  
  69  6:19  Spore Crawler  
  69  6:24  Queen, Spore Crawler  
  69  6:30  Pneumatized Carapace  
  69  6:32  Muscular Augments  
  69  6:51  Drone x9  
  69  6:53  Extractor  
  69  7:24  Hydralisk x2  
  69  7:25  Hydralisk x7  
  69  7:27  Spore Crawler  
  72  7:52  Roach x10  
  89  8:02  Roach x3  
  90  8:06  Spore Crawler  
  90  8:08  Drone  
  90  8:09  Overlord x2  
  90  8:27  Evolution Chamber  
  90  8:28  Evolution Chamber  
  90  8:32  Overlord x2  
  90  8:33  Overlord  
  88  8:34  Hydralisk x2  
  92  8:42  Overlord  
  92  8:46  Spore Crawler  
  91  8:51  Overlord  
  91  9:00  Spore Crawler  
  85  9:10  Spore Crawler  
  84  9:17  Drone x15  
  49  9:46  Roach  
  49  9:50  Hydralisk x5  
Tags
 
Add a new tag
Caveats
  • Supply blocks, unpowered buildings, or Contaminate may cause inaccurate times.
  • Supply counts are checked every 10 seconds.